 Dungeon Crawl Stone Soup version 0.29-a0-380-gf50f0a9fbc (webtiles) character file.

Game seed: 5683533870465170898

244528 ytrimaz the Warrior (level 18, -20/158 HPs)
             Began as a Demonspawn Berserker on May 5, 2022.
             Was a High Priest of Trog.
             Killed from afar by a fire giant (59 damage)
             ... with a bolt of fire
             ... on level 1 of the Depths.
             The game lasted 00:54:16 (36602 turns).

ytrimaz the Warrior (Demonspawn Berserker)         Turns: 36602, Time: 00:54:17

Health: -20/158    AC: 35    Str: 29      XL:     18   Next: 73%
Magic:  0/18       EV:  6    Int:  7 (9)  God:    Trog [*****.]
Gold:   1100       SH: 28    Dex: 15      Spells: 17/17 levels left

rFire   . . .      SeeInvis +   z - +8 mithril axe "Arga" {speed, Will+}
rCold   . . .      Faith    .   Q - +2 kite shield
rNeg    . . .      Spirit   +   a - +6 crystal plate armour
rPois   +          Reflect  +   R - +0 helmet {SInv}
rElec   .          Harm     .   (cloak unavailable)
rCorr   .          Rampage  .   W - +1 pair of gloves
Will    ++...                   A - +0 pair of boots
Stlth   ..........              q - amulet of reflection
HPRegen 0.36/turn               G - ring of poison resistance
MPRegen 0.32/turn               T - ring of Cheibriados's Grace {Wiz Str+6 Slay+5 SInv}

@: no status effects
A: large bone plates 3, magic shield, magic regeneration, demonic magic 1,
weakness stinger 3
}: 2/15 runes: decaying, serpentine
a: Renounce Religion, Berserk, Trog's Hand, Brothers in Arms


You were on level 1 of the Depths.
You worshipped Trog.
Trog was extremely pleased with you.
You visited 7 branches of the dungeon, and saw 33 of its levels.
You also visited: Bailey and Gauntlet.

You collected 4284 gold pieces.
You spent 3184 gold pieces at shops.

Inventory:

Hand Weapons
 i - a +0 battleaxe of venom
 v - a +0 executioner's axe of protection
 z - the +8 mithril axe "Arga" (weapon) {speed, Will+}
   (You found it on level 5 of the Dungeon)

   Attacks with this weapon are significantly faster.
   Will:      It increases your willpower.
 P - a +0 war axe of flaming
 U - a +5 broad axe
Missiles
 J - 24 boomerangs (quivered)
 K - 2 throwing nets
Armour
 a - a +6 crystal plate armour (worn)
 t - the +10 chain mail of Purpose {rPois Int+2}
   (You took it off an orc warrior on level 2 of the Orcish Mines)

   Int:       It affects your intelligence (+2).
   rPois:     It protects you from poison.
 A - a +0 pair of boots (worn)
 Q - a +2 kite shield (worn)
 R - a +0 helmet of see invisible (worn)
 W - a +1 pair of gloves (worn)
Jewellery
 q - an amulet of reflection (around neck)
 G - a ring of poison resistance (left hand)
 M - an amulet of the acrobat
 O - the ring of Hocal {rF+ Will+ Str+8 Int-4 Dex+3}
   (You bought it in a shop on level 2 of the Orcish Mines)

   [ring of willpower]

   Str:       It affects your strength (+8).
   Int:       It affects your intelligence (-4).
   Dex:       It affects your dexterity (+3).
   rF:        It protects you from fire.
   Will:      It increases your willpower.
 T - the ring of Cheibriados's Grace (right hand) {Wiz Str+6 Slay+5 SInv}
   (You bought it in a shop on level 2 of the Orcish Mines)

   [ring of wizardry]

   It improves your spell success rate.
   Str:       It affects your strength (+6).
   Slay:      It affects your accuracy & damage with ranged weapons and melee
   (+5).
   SInv:      It lets you see invisible.
 Z - a +4 ring of protection
Wands
 X - a wand of acid (11)
Scrolls
 j - 6 scrolls of vulnerability
 l - 4 scrolls of brand weapon
 m - 3 scrolls of noise
 o - 9 scrolls of poison
 p - 3 scrolls of summoning
 r - a scroll of fog
 x - a scroll of silence
 y - 7 scrolls of teleportation
 B - 7 scrolls of enchant weapon
 H - 5 scrolls of blinking
 I - 2 scrolls of enchant armour
 N - 8 scrolls of fear
 Y - 3 scrolls of magic mapping
Potions
 b - 7 potions of heal wounds
 c - 5 potions of mutation
 d - 4 potions of haste
 e - 4 potions of might
 f - 4 potions of invisibility
 g - 10 potions of resistance
 h - 6 potions of attraction
 k - 15 potions of curing
 n - 4 potions of lignification
 s - 4 potions of berserk rage
 w - 9 potions of cancellation
 E - 7 potions of magic
 F - 4 potions of flight
 S - a potion of ambrosia


   Skills:
 + Level 18.5 Fighting
 - Level 18.0 Axes
 * Level 7.9 Throwing
 * Level 15.3 Armour
 - Level 2.3 Dodging
 - Level 15.1 Shields


You had 17 spell levels left.
You didn't know any spells.
Your spell library was empty.

Dungeon Overview and Level Annotations

Branches:
Dungeon (15/15)            Temple (0/1) D:4            Lair (6/6) D:10
  Swamp (4/4) Lair:4        Snake (4/4) Lair:4        Slime (0/5) Lair:6
    Orc (2/2) D:10            Elf (1/3) Orc:2        Vaults (0/5) D:14
 Depths (1/4) D:15         Bailey (visited)         Gauntlet (visited)

Altars:
Ashenzari
Elyvilon
Fedhas
Hepliaklqana
Makhleb
Okawaru
Qazlal
Sif Muna
Trog
Uskayaw
Yredelemnul

Shops:
D:8 (   Orc:1 *   Orc:2 =*[*   Snake:1 [=?   Snake:2 ?   Snake:3 :

Portals:
Ziggurat: Depths:1

Annotations:
Snake:3 2 transporters, NateTC's ghost, journeyman MiFi
Depths:1 25 runed doors


Innate Abilities, Weirdness & Mutations

You are completely covered in large bone plates. (SH +8)
When hurt, damage is shared between your health and your magic reserves.
You regenerate magic rapidly.
Spells you cast may paralyse adjacent enemies.
You have a sharp stinger which inflicts weakening toxins.


Message History

The fireball explodes!
The fireball engulfs you!!!
There is an open door here.
The fire giant drinks a potion.
The fire giant's spells are empowered!
The fire giant gestures at you while chanting.
The bolt of fire hits you!!
Things that are here:
+0 ice dragon scales; an ice dragon skeleton You block the fire giant's attack.
Things that are here:
a +0 dagger; a +0 robe; a human skeleton You are engulfed in a cloud of scalding steam.
The fire giant points at you and mumbles some strange words.
The fireball explodes!
The fireball engulfs you!!
The fireball engulfs the fire giant.
The fire giant resists.
You hear a deafening roar!
You hit the fire giant. You tail-slap the fire giant!
The fire giant looks weaker.
The fire giant is moderately wounded.
You slice the fire giant!!
The fire giant is heavily wounded.
You block the fire giant's attack.
You slash the fire giant!
The fire giant is heavily wounded.
You slice the fire giant!!
The fire giant is severely wounded.
The fire giant hits you but does no damage.
You hit the fire giant.
The fire giant is severely wounded.
You hit the fire giant.
The fire giant is almost dead.
The fire giant gestures at you while chanting.
The bolt of fire hits you!!!
* * * LOW HITPOINT WARNING * * *
You slash the fire giant! You tail-slap the fire giant.
The fire giant is almost dead.
Unknown command.
You feel much better.
The fire giant gestures at you while chanting.
The bolt of fire hits you!!!
You die...

##..............#
##...§≈§§......... .#
#....≈≈§§..≈≈≈≈≈.###.####
#...≈≈§§§.§≈###≈.........
#....≈§§...≈# #≈..#.....#
#.....≈....≈###≈..#....#
##.#.......[≈≈≈≈≈...#..#
#..##.....#.≈≈≈≈C....##
#.####...##....[@)....#
..###########'####....#
###.....# #.# #...#....
#.###.#####.# #.##.....
###.# #.......# #.. .....
....# ######### ### ....
##### ... ...


You could see a fire giant (empowered, weak).

Vanquished Creatures
  Nikola (Depths:1)
  Jorgrun (Swamp:2)
  Kirke (D:12)
  2 thorn hunters
  Agnes (Snake:1)
  A tengu reaver (Depths:1)
  A fenstrider witch (Swamp:2)
  3 nagarajas
  An orc warlord (Orc:2)
  A juggernaut zombie (D:15)
  2 stone giants (Depths:1)
  A very ugly thing (Depths:1)
  Nessos (D:13)
  2 eleionomae (Swamp:1)
  Azrael (D:12)
  3 bunyips
  A minotaur (Gauntlet)
  A fire dragon (Depths:1)
  Snorg (Lair:3)
  Josephine (Swamp:1)
  2 jiangshi (Depths:1)
  A merfolk javelineer (Depths:1)
  2 shambling mangroves (Swamp:4)
  4 boulder beetles
  Fannar (D:10)
  An ice dragon (Depths:1)
  A great orb of eyes (Gauntlet)
  A yaktaur captain (D:14)
  A rakshasa (Depths:1)
  18 hydras
  2 catoblepae
  A salamander tyrant (Snake:4)
  9 anacondas
  An ogre mage (D:15)
  9 alligators
  A centaur warrior (D:15)
  15 two-headed ogres
  9 naga warriors
  A tengu warrior (D:14)
  9 death yaks
  A deep troll earth mage (Depths:1)
  4 orc high priests (Orc:2)
  2 vampire magi
  Urug (Lair:3)
  Sonja (D:12)
  13 naga sharpshooters
  5 spriggans
  7 shock serpents
  3 salamander mystics (Snake:4)
  An iron troll (Depths:1)
  3 deep trolls (Depths:1)
  2 skeletal warriors (D:15)
  A glowing orange brain (Depths:1)
  2 sea snakes
  6 spriggan druids
  3 bog bodies
  3 goliath frogs
  8 naga ritualists
  16 swamp dragons
  A deep elf archer (Orc:2)
  A spark wasp zombie (D:15)
  3 lindwurms (Snake:4)
  A wizard (Depths:1)
  4 orc knights
  Pikel (D:4)
  A wolf spider (Lair:6)
  12 mana vipers
  8 ugly things
  A necromancer (D:15)
  7 deep elf pyromancers
  10 orc sorcerers
  A sphinx skeleton (D:15)
  7 cyclopes
  18 salamanders
  10 elephants
  An oklob plant (D:10)
  A tengu skeleton (D:15)
  A will-o-the-wisp (Swamp:2)
  20 naga magi
  14 guardian serpents
  36 black mambas
  16 cane toads
  A molten gargoyle (Gauntlet)
  3 gargoyles
  Maggie (D:6)
  4 rime drakes
  An unseen horror (D:12)
  A kobold demonologist (D:13)
  7 komodo dragons
  2 yaktaurs (D:14)
  8 trolls
  3 meliai (D:13)
  A bloated husk (Swamp:1)
  2 queen bees (Gauntlet)
  3 tyrant leeches
  3 polar bears
  9 hornets
  3 slime creatures (D:14)
  14 blink frogs
  8 flying skulls (Gauntlet)
  2 shadows
  A hog (D:12)
  2 water elementals (Depths:1)
  9 wraiths
  Eustachio (D:6)
  2 vampires
  20 wyverns
  3 redbacks (Lair:6)
  35 yaks
  3 steam dragons
  7 basilisks
  3 fire elementals (D:12)
  5 vampire mosquitoes
  2 wargs
  13 swamp worms
  40 nagas
  2 hell hounds (D:12)
  42 water moccasins
  A meliai simulacrum (D:14)
  19 orc warriors
  A sky beast (D:8)
  7 swamp drakes
  A black bear (D:6)
  10 ogres
  3 boggarts (D:14)
  9 centaurs
  11 wolves
  A lemure (D:4)
  4 phantoms
  15 bullfrogs
  4 kobold brigands (D:13)
  2 necrophages
  3 gnoll sergeants
  4 scorpions
  5 wights
  18 killer bees
  A troll zombie (D:10)
  4 electric eels
  8 howler monkeys
  3 jellies
  A gnoll shaman (D:9)
  9 orc priests
  4 hounds
  Natasha (thrice) (D:3)
  4 iguanas
  12 orc wizards
  7 ogre zombies (D:10)
  27 gnolls
  8 adders
  A shadow imp (D:8)
  A white imp (D:6)
  An ufetubus (D:7)
  A worm (D:3)
  76 orcs
  9 endoplasms
  4 giant cockroaches
  10 goblins
  7 hobgoblins
  14 jackals
  6 kobolds
  2 quokkas (D:3)
  5 ball pythons
  4 bats
  6 frilled lizards
  A goblin zombie (D:10)
  A hobgoblin skeleton (D:10)
  2 hobgoblin zombies (D:10)
  4 orc skeletons (D:10)
  16 orc zombies (D:10)
  5 rats
  6 briar patches (Swamp:4)
1030 creatures vanquished.

Vanquished Creatures (collateral kills)
  Rupert (D:12)
  An anaconda (Snake:4)
  2 naga sharpshooters (Snake:4)
  A shock serpent (Snake:4)
  2 swamp dragons (Swamp:4)
  A lindwurm (Snake:4)
  A mana viper (Snake:4)
  An ugly thing (D:12)
  2 orc knights (Orc:2)
  A salamander (Snake:4)
  A black mamba (Snake:4)
  A guardian serpent (Snake:4)
  A wraith (D:12)
  2 swamp drakes (Swamp:4)
18 creatures vanquished.

Vanquished Creatures (others)
  A spriggan druid (Swamp:4)
  A wizard (D:6)
  5 bloated husks
  5 humans (D:12)
  An orc warrior (D:8)
  An orc priest (D:8)
  An orc wizard (Orc:2)
  An orc (D:3)
  A quokka (D:3)
  An orc zombie (D:10)
  2 foxfires (Swamp:2)
  53 fungi
  119 plants
  10 toadstools (Swamp:1)
  2 withered plants (D:15)
204 creatures vanquished.

Grand Total: 1252 creatures vanquished

Notes
Turn   | Place    | Note
-------+----------+-------------------------------------------
     0 | D:1      | ytrimaz the Demonspawn Berserker began the quest for the
                  | Orb.
     0 | D:1      | Reached XP level 1. HP: 18/18 MP: 1/1
   317 | D:1      | Found a faded altar of an unknown god.
   631 | D:1      | Gained mutation: You regenerate magic rapidly. [demonic
                  | ancestry]
   631 | D:1      | Reached XP level 2. HP: 22/24 MP: 2/2
   775 | D:1      | You fall into a shaft and drop 1 floor!
   976 | D:2      | Gained mutation: You are partially covered in large bone
                  | plates. (SH +4) [demonic ancestry]
   976 | D:2      | Reached XP level 3. HP: 26/29 MP: 3/3
  1046 | D:2      | Reached ** piety under Trog
  1571 | D:3      | Noticed Natasha
  1576 | D:3      | Gained mutation: You have a small tail. [demonic ancestry]
  1576 | D:3      | Reached XP level 4. HP: 27/36 MP: 4/4
  1585 | D:3      | Killed Natasha
  1587 | D:3      | Noticed Natasha
  1589 | D:3      | Found a blossoming altar of Fedhas.
  1595 | D:3      | Killed Natasha
  1696 | D:3      | Found a basalt altar of Yredelemnul.
  1699 | D:3      | Noticed Natasha
  1720 | D:3      | Killed Natasha
  1721 | D:3      | Reached XP level 5. HP: 24/42 MP: 5/5
  1945 | D:3      | Reached skill level 1 in Shields
  2465 | D:3      | Reached *** piety under Trog
  2606 | D:4      | Reached XP level 6. HP: 19/48 MP: 6/6
  2833 | D:4      | Found a staircase to the Ecumenical Temple.
  2867 | D:4      | Reached skill level 5 in Axes
  3010 | D:4      | Found a burning altar of Makhleb.
  3011 | D:4      | Noticed Pikel
  3024 | D:4      | Killed Pikel
  3025 | D:4      | Gained mutation: When hurt, damage is shared between your
                  | health and your magic reserves. [demonic ancestry]
  3025 | D:4      | Reached XP level 7. HP: 35/55 MP: 7/7
  4080 | D:5      | Entered Level 5 of the Dungeon
  4117 | D:5      | Found the +8 mithril axe "Arga" {speed, Will+}
  4138 | D:5      | Gained mutation: You are mostly covered in large bone
                  | plates. (SH +6) [demonic ancestry]
  4138 | D:5      | Reached XP level 8. HP: 61/61 MP: 8/8
  4250 | D:5      | Reached skill level 5 in Fighting
  4395 | D:5      | Found a hide-covered altar of Uskayaw.
  4890 | D:6      | Reached **** piety under Trog
  4990 | D:6      | Found a bloodstained altar of Trog.
  4993 | D:6      | Noticed a wizard
  4998 | D:6      | Killed a wizard
  5041 | D:6      | Noticed Eustachio
  5077 | D:6      | Killed Eustachio
  5210 | D:6      | Gained mutation: You have a tail ending in a sharp stinger.
                  | [demonic ancestry]
  5210 | D:6      | Reached XP level 9. HP: 68/68 MP: 9/9
  5451 | D:6      | Found a broken altar of Ashenzari.
  5585 | D:6      | Noticed Maggie
  5591 | D:6      | Killed Maggie
  5982 | D:7      | Reached skill level 10 in Axes
  6558 | D:8      | Found Qiblocha's Hydra Hut.
  6562 | D:8      | Noticed a four-headed hydra
  6665 | D:8      | Found a flagged portal.
  6690 | Bailey   | Entered a bailey
  6989 | Bailey   | Reached ***** piety under Trog
  7017 | Bailey   | Noticed an orc knight
  7031 | Bailey   | Killed an orc knight
  7032 | Bailey   | Reached XP level 10. HP: 70/76 MP: 5/10
  7280 | Bailey   | Gained mutation: You are completely covered in large bone
                  | plates. (SH +8) [demonic ancestry]
  7280 | Bailey   | Reached XP level 11. HP: 81/81 MP: 11/11
  7281 | Bailey   | Reached XP level 12. HP: 94/94 MP: 12/12
  7664 | D:8      | Noticed a two-headed ogre
  7671 | D:8      | Killed a two-headed ogre
  8327 | D:9      | Noticed a two-headed ogre
  8340 | D:9      | Killed a two-headed ogre
  8341 | D:9      | Reached skill level 5 in Armour
  8676 | D:9      | Noticed a two-headed ogre
  8684 | D:9      | Killed a two-headed ogre
  9202 | D:10     | Entered Level 10 of the Dungeon
  9216 | D:10     | Noticed Fannar
  9228 | D:10     | Killed Fannar
  9255 | D:10     | Found a staircase to the Lair.
  9281 | D:10     | Found a staircase to the Orcish Mines.
  9293 | D:10     | Received a gift from Trog
  9414 | D:10     | Found an iron altar of Okawaru.
  9424 | D:10     | Noticed a two-headed ogre
  9435 | D:10     | Reached skill level 15 in Axes
  9445 | D:10     | Killed a two-headed ogre
  9613 | D:10     | Found a hazy altar of Hepliaklqana.
 10392 | D:11     | Noticed a two-headed ogre
 10401 | D:11     | Noticed a two-headed ogre
 10402 | D:11     | Killed a two-headed ogre
 10416 | D:11     | Killed a two-headed ogre
 10672 | D:11     | Noticed a two-headed ogre
 10676 | D:11     | Killed a two-headed ogre
 10937 | D:11     | Noticed a two-headed ogre
 10943 | D:11     | Killed a two-headed ogre
 11091 | D:12     | Noticed Rupert
 11100 | D:12     | Killed Rupert
 11101 | D:12     | Reached XP level 13. HP: 101/101 MP: 10/13
 11103 | D:12     | Received a gift from Trog
 11236 | D:12     | Noticed Kirke
 11252 | D:12     | Killed Kirke
 11311 | D:12     | Noticed Sonja
 11324 | D:12     | Killed Sonja
 11779 | D:12     | Noticed Azrael
 11808 | D:12     | Reached skill level 10 in Fighting
 11819 | D:12     | HP: 4/103 [Azrael/fireball (23)]
 11827 | D:12     | Killed Azrael
 12253 | D:12     | Identified a scroll of acquirement
 12254 | D:12     | Acquired a manual of Shields
 12344 | Lair:1   | Entered Level 1 of the Lair of Beasts
 12352 | Lair:1   | Found a shimmering blue altar of Sif Muna.
 12593 | D:8      | Bought a +0 war axe of flaming for 116 gold pieces
 13694 | Lair:2   | Reached XP level 14. HP: 104/111 MP: 9/14
 14332 | Lair:3   | Found a gate leading to a gauntlet.
 14342 | Gauntlet | Entered a Gauntlet
 14342 | Gauntlet | Found a transporter.
 14352 | Gauntlet | Found a transporter.
 14355 | Gauntlet | Found a transporter.
 14356 | Gauntlet | Found a transporter.
 14360 | Gauntlet | Found a runed translucent door.
 14360 | Gauntlet | Found a runed translucent door.
 14364 | Gauntlet | Found a transporter.
 14367 | Gauntlet | Found a transporter.
 14368 | Gauntlet | Found a transporter.
 14380 | Gauntlet | Found a transporter.
 14381 | Gauntlet | Found a transporter.
 14381 | Gauntlet | Found a transporter.
 14389 | Gauntlet | Found a transporter.
 14392 | Gauntlet | Found a transporter.
 14393 | Gauntlet | Found a transporter.
 14401 | Gauntlet | Found a transporter.
 14563 | Gauntlet | Identified the +2 pair of gloves of Valour {*Slow rCorr
                  | Int+9}
 14689 | Gauntlet | Reached skill level 10 in Shields
 14735 | Gauntlet | Identified the +3 ice dragon scales of the Swamp {rPois rF-
                  | rC++}
 15359 | Lair:3   | Noticed Snorg
 15375 | Lair:3   | Killed Snorg
 15463 | Lair:3   | Noticed Urug
 15475 | Lair:3   | Killed Urug
 16047 | Lair:4   | Found a staircase to the Swamp.
 16105 | Lair:4   | Identified the +11 dagger of Vuuruneng {protect, Dex+4}
 16282 | Lair:4   | Found a staircase to the Snake Pit.
 16841 | Swamp:1  | Entered Level 1 of the Swamp
 17910 | Lair:6   | Entered Level 6 of the Lair of Beasts
 18424 | Lair:6   | Reached XP level 15. HP: 121/121 MP: 15/15
 18698 | Lair:6   | Received a gift from Trog
 19264 | Lair:6   | Found a staircase to the Slime Pits.
 19648 | Orc:1    | Entered Level 1 of the Orcish Mines
 19697 | Orc:1    | Found Sizetz's General Store.
 20125 | Orc:1    | Bought a +2 crystal plate armour for 1656 gold pieces
 20155 | Orc:2    | Entered Level 2 of the Orcish Mines
 20381 | Orc:2    | Found a staircase to the Elven Halls.
 20426 | Orc:2    | Found Riyniola's Jewellery Boutique.
 20436 | Orc:2    | Received a gift from Trog
 20996 | Orc:2    | Found Gaoc's Assorted Antiques.
 21011 | Orc:2    | Found Poafier's Antique Armour Shoppe.
 21012 | Orc:2    | Found Zeang's Assorted Antiques.
 21153 | Orc:2    | Identified the +10 chain mail of Purpose {rPois Int+2}
 21174 | Orc:2    | Reached skill level 15 in Shields
 21395 | Orc:2    | Noticed an orc warlord
 21408 | Orc:2    | Killed an orc warlord
 21966 | D:13     | Noticed a tengu reaver
 21982 | D:13     | Found the +0 staff of Battle
 22177 | D:13     | Received a gift from Trog
 22178 | D:13     | Reached skill level 1 in Throwing
 22399 | D:13     | Noticed Nessos
 22407 | D:13     | Killed Nessos
 22714 | D:14     | Found a gate to the Vaults.
 23390 | D:14     | Acquired 703 gold pieces
 23424 | D:15     | Entered Level 15 of the Dungeon
 23457 | D:15     | Reached XP level 16. HP: 106/133 MP: 14/16
 23742 | D:15     | Found a staircase to the Depths.
 23815 | D:15     | Identified the +10 plate armour "Tyet" {rPois Int-3 Dex+4
                  | Stlth+}
 24140 | D:15     | Received a gift from Trog
 24684 | Orc:2    | Bought the ring of Hocal {rF+ Will+ Str+8 Int-4 Dex+3} for
                  | 590 gold pieces
 24684 | Orc:2    | Bought the ring of Cheibriados's Grace {Wiz Str+6 Slay+5
                  | SInv} for 822 gold pieces
 24737 | Elf:1    | Entered Level 1 of the Elven Halls
 24757 | Elf:1    | Reached skill level 10 in Armour
 24999 | Swamp:1  | Noticed a thorn hunter
 25013 | Swamp:1  | Killed a thorn hunter
 25056 | Swamp:1  | Noticed Josephine
 25066 | Swamp:1  | Killed Josephine
 25306 | Swamp:1  | Reached skill level 15 in Fighting
 25694 | Swamp:2  | Noticed Jorgrun
 25713 | Swamp:2  | Killed Jorgrun
 25963 | Swamp:2  | Paralysed by a fenstrider witch for 3 turns
 26258 | Swamp:2  | Received a gift from Trog
 26451 | Swamp:2  | Identified the +4 pair of boots "Liphinas" {rF+ rN+ Dex+5
                  | Stlth-}
 27286 | Swamp:4  | Entered Level 4 of the Swamp
 27769 | Swamp:4  | Reached skill level 5 in Throwing
 28211 | Swamp:4  | Gained mutation: You have a sharp stinger which inflicts
                  | weakening toxins. [demonic ancestry]
 28211 | Swamp:4  | Reached XP level 17. HP: 135/144 MP: 17/17
 28379 | Swamp:4  | Got a decaying rune of Zot
 29363 | Snake:1  | Entered Level 1 of the Snake Pit
 29831 | Snake:1  | Noticed Agnes
 29837 | Snake:1  | Killed Agnes
 30252 | Snake:1  | Found Capotacy's Armour Boutique.
 30255 | Snake:1  | Found Viulan's Magic Scroll Emporium.
 30272 | Snake:1  | Found Neoghanu's Jewellery Emporium.
 30813 | Snake:2  | Received a gift from Trog
 30912 | Snake:2  | Found Myigg's Magic Scroll Shoppe.
 31962 | Snake:3  | Found a bloodstained altar of Trog.
 31995 | Snake:3  | Identified the +3 battleaxe of Voluopsu {elec, rC- Int+3}
 32022 | Snake:3  | Found Joumorepp's Book Boutique.
 32244 | Snake:3  | Noticed NateTC's ghost (journeyman MiFi)
 32324 | Snake:3  | Found a transporter.
 32330 | Snake:3  | Found a transporter.
 32365 | Snake:3  | Received a gift from Trog
 32584 | Snake:4  | Entered Level 4 of the Snake Pit
 33061 | Snake:4  | Gained mutation: Spells you cast may paralyse adjacent
                  | enemies. [demonic ancestry]
 33061 | Snake:4  | Reached XP level 18. HP: 121/155 MP: 16/18
 33610 | Snake:4  | Received a gift from Trog
 33974 | Snake:4  | Found a stormy altar of Qazlal.
 34373 | Snake:4  | Reached skill level 15 in Armour
 34703 | Snake:4  | Got a serpentine rune of Zot
 35288 | Depths:1 | Entered Level 1 of the Depths
 35294 | Depths:1 | Received a gift from Trog
 35465 | Depths:1 | Noticed Nikola
 35498 | Depths:1 | Killed Nikola
 36136 | Depths:1 | Found a huge runed gate.
 36136 | Depths:1 | Found a huge runed gate.
 36137 | Depths:1 | Found a huge runed gate.
 36138 | Depths:1 | Found a huge runed gate.
 36138 | Depths:1 | Found a huge runed gate.
 36138 | Depths:1 | Found a huge runed gate.
 36138 | Depths:1 | Found a huge runed gate.
 36138 | Depths:1 | Found a huge runed gate.
 36138 | Depths:1 | Found a huge runed gate.
 36139 | Depths:1 | Found a huge runed gate.
 36140 | Depths:1 | Found a huge runed gate.
 36141 | Depths:1 | Found a huge runed gate.
 36142 | Depths:1 | Found a huge runed gate.
 36143 | Depths:1 | Found a huge runed gate.
 36144 | Depths:1 | Found a huge runed gate.
 36145 | Depths:1 | Found a huge runed gate.
 36164 | Depths:1 | Found a huge runed gate.
 36164 | Depths:1 | Found a huge runed gate.
 36164 | Depths:1 | Found a huge runed gate.
 36164 | Depths:1 | Found a huge runed gate.
 36164 | Depths:1 | Found a huge runed gate.
 36164 | Depths:1 | Found a huge runed gate.
 36165 | Depths:1 | Found a huge runed gate.
 36166 | Depths:1 | Found a huge runed gate.
 36167 | Depths:1 | Found a huge runed gate.
 36173 | Depths:1 | Found a one-way gateway to a ziggurat.
 36602 | Depths:1 | Killed from afar by a fire giant

Illustrated notes

Levels and vault maps discovered:
D:1:      tarquinn_simple_flora_water_f, layout_loops_ring,
          basic_ecumenical_altar, serial_forest, infiniplex_forest_clump_tiny,
          infiniplex_forest_lined_3_way, infiniplex_forest_straight_2,
          infiniplex_forest_straight_5, infiniplex_forest_lined_room_2,
          infiniplex_forest_fountain, infiniplex_forest_lined_4_way,
          chequers_jeans, chequers_serial_rivers_micro_d, minmay_tripent
D:2:      layout_rooms
D:3:      layout_loops_ring, elyvilon_altar_4,
          mainiacjoe_overflow_catwalk_spiral, uniq_natasha
D:4:      layout_layer_cave, mainiacjoe_overflow_boulevard,
          minmay_temple_entry_tees, enter_ossuary_3, serial_glass,
          glass_columns_a, glass_columns_a, minmay_quantized, uniq_pikel
D:5:      layout_basic, mainiacjoe_overflow_cross_hatched
D:6:      minmay_skewed_foursquare, layout_basic, mainiacjoe_overflow_24_doors,
          trog_wizard, uniq_eustachio, uniq_maggie
D:7:      layout_gridville, serial_rivers, chequers_serial_rivers_micro_a,
          chequers_serial_rivers_micro_e, chequers_serial_rivers_micro_d,
          chequers_serial_rivers_room_b, chequers_serial_rivers_small_b
D:8:      layout_cave_pods, enter_bailey_5, serial_park, serial_park_tiny_1,
          serial_park_fountain, serial_park_gazebo
          [serial_park_minivault_5x5_4], serial_park_square1
          [serial_park_minivault_5x5_2], minmay_misc_feat_tower,
          doesnt_shop_hydraphobe
D:9:      layout_basic, amethyst_killhole
D:10:     layout_basic, mainiacjoe_overflow_surrounded_room,
          worldfamousw_hep_ancestral_shrine, dpeg_oklobed_lair,
          zombieorc2_lemuel, uniq_fannar
D:11:     layout_basic, minivault_10
D:12:     layout_small_grid, uniq_sonja, uniq_rupert, uniq_azrael, uniq_kirke
D:13:     layout_rooms, special_room [special_room_orc],
          onia_ninara_dug_in_and_dangerous, uniq_nessos
D:14:     layout_basic, david_vaults_2, minivault_25,
          nrook_guardian_serpent_ordinary
D:15:     gammafunk_depths_entry_grave, layout_loops_corners,
          hangedman_decor_clover_reticule
Lair:1:   layout_big_grid, basic_altar
Lair:2:   layout_chaotic_city, cheibrodos_lair_reptile_den
Lair:3:   layout_cellular_growth, gauntlet_entry_generic, uniq_urug, uniq_snorg
Lair:4:   layout_long_grid, swamp_mist, minmay_snake_entry_six_corridors,
          beast_lair_carwin_7, lemuel_fruit_tree
Lair:5:   layout_roguey, serial_bayou_shore_a
Lair:6:   hangedman_lair_tendril_chambers, layout_hall_layers, slime_dummy
Swamp:1:  cheibrodos_swamp_tower_of_moss, layout_falls_marsh,
          nicolae_swamp_treefoil, uniq_josephine
Swamp:2:  layout_basic_swamp, evilmike_swamp_ruin_house_4, swamp_pool1,
          hangedman_swamp_blocks, infiniplex_staircase_pool, uniq_jorgrun
Swamp:3:  layout_falls_marsh, nicolae_swamp_fairy_circle
Swamp:4:  swamp_alternative, layout_basic_swamp, swamp_pool4
Snake:1:  layout_chambers, nicolae_snake_serpentine_bazaar,
          serial_bayou_shore_b, uniq_agnes
Snake:2:  layout_cave_shapes, serial_shops, shop, grunt_megastairs_5
Snake:3:  layout_misc_corridors, gammafunk_ghost_wrathful_warriors,
          minmay_shop_star
Snake:4:  snake_pit_salamanders_mu, layout_misc_corridors, basic_altar,
          serial_bayou_pond_b
Orc:1:    layout_caves, serial_shops,
          nicolae_shop_temple_entry_statues_fountains, guppyfry_library_mini
Orc:2:    st_orc_elflike, layout_diamond_mine, elf_legates
Elf:1:    nicolae_elf_arrival_fired_up, layout_loops_corners,
          minmay_elf_sorcery, due_unseen_surprise
Depths:1: layout_gridlike, enter_ziggurat_b, lightli_too_deep,
          nicolae_figureground_sparkle, kennysheep_another_room,
          minmay_misc_feat_chi, minmay_misc_feat_five, door_vault, uniq_nikola

Skill      XL: |  1  2  3  4  5  6  7  8  9 10 11 12 13 14 15 16 17 18 |
---------------+-------------------------------------------------------+-----
Axes           | 3 4 6 8 11 14 15 17 18 | 18.0
Dodging        | 2 |  2.3
Armour         | 2 3 4 5 6 7 9 11 14 15 | 15.3
Shields        | 1 2 3 4 7 9 13 15 | 15.1
Fighting       | 4 5 6 8 9 10 12 14 15 17 18 | 18.5
Throwing       | 2 5 6 7 |  7.9

Action                   |  1- 3 |  4- 6 |  7- 9 | 10-12 | 13-15 | 16-18 || total
-------------------------+-------+-------+-------+-------+-------+-------++-------
Melee: Hand axe          |   128 |   137 |    71 |       |       |       ||   336
       Punch             |     3 |     2 |       |     3 |       |       ||     8
       Tailslap          |       |    11 |    29 |    26 |   198 |   223 ||   487
       Broad axe         |       |       |   189 |   236 |  1158 |  1098 ||  2681
       War axe           |       |       |       |       |    43 |    35 ||    78
Throw: Boomerang         |       |       |       |     4 |       |    32 ||    36
Invok: Berserk           |       |     3 |     1 |     1 |     6 |     2 ||    13
       Trog's Hand       |       |     2 |     1 |     4 |    17 |    12 ||    36
       Brothers in Arms  |       |       |       |     1 |     1 |     4 ||     6
  Use: Scroll            |     2 |     5 |     6 |     3 |    18 |     6 ||    40
       Potion            |       |     2 |     1 |     2 |     1 |     6 ||    12
 Stab: Distracted        |       |       |       |       |     1 |     1 ||     2
Armor: Animal skin       |    22 |       |       |       |       |       ||    22
       Plate armour      |    39 |    79 |    94 |    47 |    58 |       ||   317
       Ice dragon scales |       |       |       |       |    91 |       ||    91
       Crystal plate arm |       |       |       |       |    85 |   512 ||   597
Dodge: Dodged            |    91 |    33 |    81 |    54 |   169 |   139 ||   567
Block: Other             |    20 |    59 |   149 |    94 |       |       ||   322
       Reflection        |       |     1 |     2 |     2 |    43 |   128 ||   176
       Kite shield       |       |       |       |    40 |  1094 |  1372 ||  2506

Table legend: (Time is in decaauts)
 A = Elapsed time spent in this place.
 B = Non-inter-level travel time spent in this place.
 C = Inter-level travel time spent in this place.
 D = Time resting spent in this place.
 E = Time spent auto-exploring this place.
 F = Levels seen in this place.
 G = Mean time per level.
                   A        B        C        D        E       F      G
               +--------+--------+--------+--------+--------+-----+--------+
         Total |  35880 |  33674 |   2206 |   3123 |  24076 |  35 | 1025.1 |
       Dungeon |  15180 |  14195 |    985 |    645 |  10983 |  15 | 1012.0 |
          Lair |   6492 |   5996 |    496 |      4 |   4956 |   6 | 1082.0 |
         Swamp |   4404 |   4248 |    156 |    943 |   2608 |   4 | 1101.0 |
     Snake Pit |   5491 |   5272 |    219 |    758 |   3610 |   4 | 1372.8 |
  Orcish Mines |   2294 |   1945 |    349 |    379 |   1079 |   2 | 1147.0 |
   Elven Halls |     62 |     62 |      0 |      0 |     15 |   1 |   62.0 |
        Depths |    872 |    872 |      0 |    385 |    253 |   1 |  872.0 |
        Bailey |    594 |    594 |      0 |      7 |    421 |   1 |  594.0 |
      Gauntlet |    487 |    487 |      0 |      0 |    149 |   1 |  487.0 |
               +--------+--------+--------+--------+--------+-----+--------+

Top non-repeatable levels by time:
 Snake:3: 1712 daAuts
 Swamp:4: 1645 daAuts
     D:4: 1571 daAuts
  Lair:6: 1546 daAuts
 Snake:4: 1516 daAuts
   Orc:2: 1433 daAuts
    D:15: 1421 daAuts
 Snake:1: 1317 daAuts
    D:10: 1300 daAuts
    D:12: 1212 daAuts
  Lair:2: 1184 daAuts
    D:11: 1140 daAuts
 Swamp:2: 1140 daAuts
     D:8: 1139 daAuts
  Lair:3: 1139 daAuts
